 Dungeon Crawl Stone Soup version 0.28-a0-863-g8cecda6153 (webtiles) character file.

Game seed: 7559843382160940405

16330 gigimoi the Basher (level 12, -18/113 HPs)
             Began as a Minotaur Berserker on Nov 18, 2021.
             Was an Elder of Trog.
             Demolished by a boulder beetle (25 damage)
             ... on level 3 of the Lair of Beasts.
             The game lasted 00:51:27 (19160 turns).

gigimoi the Basher (Minotaur Berserker)            Turns: 19160, Time: 00:51:27

Health: -18/113    AC: 12    Str: 26    XL:     12   Next: 9%
Magic:  11/11      EV: 16    Int:  4    God:    Trog [****..]
Gold:   705        SH:  0    Dex: 11    Spells: 11/11 levels left

rFire   . . .      SeeInvis .   m - +2 mace (venom)
rCold   . . .      Faith    .   (no shield)
rNeg    . . .      Spirit   .   A - +2 robe {Will+}
rPois   .          Reflect  .   (helmet restricted)
rElec   .          Harm     .   k - +2 cloak
rCorr   +          Rampage  .   (no gloves)
Will    ++...                   i - +2 pair of boots
Stlth   +.........              u - amulet of the acrobat
HPRegen 0.28/turn               o - ring of willpower
MPRegen 0.12/turn               c - ring of resist corrosion

@: about to teleport, on berserk cooldown, slowed, very slow
A: horns 2, retaliatory headbutt
a: Renounce Religion, Berserk, Trog's Hand, Brothers in Arms


You were on level 3 of the Lair of Beasts.
You worshipped Trog.
Trog was greatly pleased with you.
You visited 2 branches of the dungeon, and saw 16 of its levels.

You collected 705 gold pieces.

Inventory:

Hand Weapons
 m - a +2 mace of venom (weapon)
Missiles
 d - 578 stones (quivered)
Armour
 i - a +2 pair of boots (worn)
 k - a +2 cloak (worn)
 A - a +2 robe of willpower (worn)
Jewellery
 c - a ring of resist corrosion (right hand)
 e - a ring of fire
 n - a ring of flight
 o - a ring of willpower (left hand)
 u - an amulet of the acrobat (around neck)
 G - a +6 ring of dexterity
Wands
 b - a wand of iceblast (19)
 l - a wand of flame (70)
 v - a wand of polymorph (6)
 C - a wand of paralysis (6)
Scrolls
 g - 3 scrolls of immolation
 h - 4 scrolls of blinking
 j - a scroll of fog
 p - 3 scrolls of vulnerability
 x - a scroll of enchant weapon {unknown}
 y - a scroll of teleportation
 z - a scroll of torment
 E - 3 scrolls of identify
 F - a scroll of amnesia {unknown}
 H - a scroll of enchant armour
 I - a scroll of acquirement {unknown}
Potions
 a - 4 potions of might
 f - 2 potions of attraction
 q - 4 potions of curing
 r - 2 potions of haste
 s - 3 potions of lignification
 t - a potion of cancellation
 w - 2 potions of mutation
 B - a potion of experience {unknown}
 D - a potion of brilliance
 J - a potion of berserk rage {unknown}


   Skills:
 + Level 12.4 Fighting
 + Level 12.4 Maces & Flails
 + Level 12.1 Armour
 + Level 11.2 Dodging


You had 11 spell levels left.
You didn't know any spells.
Your spell library was empty.

Dungeon Overview and Level Annotations

Branches:
Dungeon (12/15)            Temple (0/1) D:4            Lair (4/6) D:9
    Orc (0/2) D:11
  Swamp: Lair:2-4    Shoals: Lair:2-4     Snake: Lair:2-4    Spider: Lair:2-4

Altars:
Ashenzari
Dithmenos
Elyvilon
Hepliaklqana
Makhleb
Trog
Uskayaw
Wu Jian
Xom
Yredelemnul

Shops:
D:3 (=(((   D:4 *   D:6 :   D:7 (   D:9 (

Annotations:
D:10 2 transporters, Strat's ghost, journeyman DjFE
Lair:2 1 runed translucent door, ThanksArdit's ghost, journeyman MiGl
Lair:4 Rupert


Innate Abilities, Weirdness & Mutations

You have a pair of horns on your head.
You reflexively headbutt those who attack you in melee.


Message History

A cane toad and a boulder beetle come into view.
Found a metallic emerald potion.
Found two altars.
You feel sick.
Found a stone staircase leading down.
You feel sick. The cane toad stings you!
* * * LOW HITPOINT WARNING * * *
Found a stone staircase leading up.
You feel sick. The cane toad completely misses you. The cane toad misses you.
You feel sick.
The boulder beetle curls into a ball and begins rolling!
You feel sick.
You are no longer poisoned.
The cane toad completely misses you. The cane toad misses you.
You furiously retaliate!
You headbutt the cane toad.
The basilisk hisses angrily. x2
The cane toad misses you. The boulder beetle hits you!
* * * LOW HITPOINT WARNING * * *
The boulder beetle stops rolling and uncurls.
A komodo dragon comes into view.
The cane toad misses you.
The boulder beetle completely misses you.
You furiously retaliate!
You headbutt the boulder beetle, but do no damage.
The cane toad closely misses you. The cane toad closely misses you.
You furiously retaliate!
You headbutt the cane toad! The boulder beetle barely misses you.
There is a stone staircase leading up here.
The cane toad closely misses you.
The boulder beetle bites you but does no damage.
The cane toad completely misses you.
You climb upwards.
The bullfrog gives a loud, deep croak!
Found 2 potions of curing, 15 arrows and 12 gold pieces.
There is a stone staircase leading down here.
The boulder beetle waves its antennae.
The boulder beetle bites you but does no damage.
The cane toad completely misses you. You furiously retaliate!
You headbutt the cane toad!
As you read the scroll of teleportation, it crumbles to dust.
You feel strangely unstable. The cane toad misses you. You furiously retaliate!
You headbutt the cane toad! The boulder beetle bites you!!
You die...

!# .....
##..#####.P..###
....#........P.#
................
..$............
##............
#.....F.......
#....@B.......
#...!..........
...#.(..........
. ##.^..F.....#
#..........#
#..........#
^.........##
^...^.....##


You could see a boulder beetle, a cane toad and a bullfrog.

Vanquished Creatures
  Snorg (D:12)
  A hydra (D:12)
  3 two-headed ogres
  Nergalle (Lair:1)
  Sonja (D:12)
  A phantasmal warrior (D:11)
  A deep elf pyromancer (D:12)
  5 elephants (Lair:2)
  A black mamba (Lair:4)
  Joseph (D:8)
  Maurice (D:8)
  A kobold demonologist (D:12)
  2 komodo dragons
  A tengu conjurer (D:10)
  2 trolls (D:11)
  A hornet (D:11)
  Prince Ribbit (D:5)
  A vampire (D:9)
  2 wyverns
  A wraith (D:4)
  2 steam dragons (D:8)
  An acid dragon (D:11)
  4 water moccasins
  2 ice beasts
  4 sky beasts
  A black bear (D:5)
  6 orc warriors
  Pargi (D:4)
  3 necrophages
  2 centaurs
  The ghost of sirJeffrey23 the Twirler, an amateur DsGl of Hepliaklqana (D:3)
  3 wolves (Lair:1)
  2 ogres
  A phantom (D:4)
  4 kobold brigands
  5 bullfrogs
  A scorpion (D:7)
  A gnoll sergeant (D:12)
  A water moccasin skeleton (D:5)
  2 howler monkeys
  13 wights
  2 quasits (D:3)
  3 centaur zombies
  2 centaur skeletons
  A bullfrog zombie (D:7)
  5 orc priests
  2 bullfrog skeletons
  4 hounds
  A jelly (D:6)
  2 iguanas (D:7)
  10 orc wizards
  5 hell rats (Lair:1)
  A killer bee zombie (D:7)
  A hound skeleton (D:4)
  A mummy (D:6)
  2 howler monkey zombies
  4 gnolls (D:12)
  2 howler monkey skeletons (D:7)
  10 adders
  An ufetubus (D:6)
  An adder skeleton (D:4)
  13 dart slugs
  40 orcs
  6 endoplasms
  2 giant cockroaches (D:1)
  6 goblins
  8 hobgoblins
  3 quokkas
  8 ball pythons
  9 bats
  4 frilled lizards
  2 hobgoblin zombies (D:6)
  15 kobolds
  A kobold zombie (D:6)
  An orc zombie (D:6)
  3 rats
  A spectral goblin (D:1)
271 creatures vanquished.

Vanquished Creatures (others)
  4 plants (Lair:2)
4 creatures vanquished.

Grand Total: 275 creatures vanquished

Notes
Turn   | Place    | Note
-------+----------+-------------------------------------------
     0 | D:1      | gigimoi the Minotaur Berserker began the quest for the Orb.
     0 | D:1      | Reached XP level 1. HP: 19/19 MP: 0/0
   256 | D:1      | Reached XP level 2. HP: 19/27 MP: 1/1
   825 | D:1      | Found a faded altar of an unknown god.
  1025 | D:1      | Reached XP level 3. HP: 30/33 MP: 2/2
  1412 | D:2      | Reached ** piety under Trog
  2138 | D:2      | Reached XP level 4. HP: 36/40 MP: 3/3
  2578 | D:3      | Found a transporter.
  2644 | D:3      | Noticed sirJeffrey23's ghost (amateur DsGl)
  2659 | D:3      | Found a transporter.
  2976 | D:3      | Found Uxoymag's Jewellery Emporium.
  2976 | D:3      | Found Avyti's Weapon Boutique.
  2996 | D:3      | Found Tibeopant's Antique Weapon Shoppe.
  3290 | D:3      | Found Yzxasaetu's Weapon Shop.
  3594 | D:3      | Found Unoutzoi's Antique Weapon Shop.
  3736 | D:3      | Reached XP level 5. HP: 47/47 MP: 4/4
  3767 | D:4      | Found a shimmering altar of Xom.
  3991 | D:4      | Found a bloodstained altar of Trog.
  4000 | D:4      | Noticed an ogre
  4005 | D:4      | Killed an ogre
  4006 | D:4      | Reached skill level 5 in Fighting
  4006 | D:4      | Reached skill level 5 in Maces & Flails
  4097 | D:4      | Reached XP level 6. HP: 56/56 MP: 5/5
  4239 | D:4      | Found a staircase to the Ecumenical Temple.
  4493 | D:4      | Noticed a water moccasin
  4493 | D:4      | Noticed a water moccasin
  4493 | D:4      | Noticed a water moccasin
  4518 | D:3      | Killed a water moccasin
  4631 | D:4      | Killed a water moccasin
  4632 | D:4      | Reached skill level 5 in Armour
  4632 | D:4      | Reached XP level 7. HP: 62/62 MP: 6/6
  4809 | D:4      | Found Oroth's Serpentskin Sales.
  4896 | D:4      | Reached skill level 5 in Dodging
  5063 | D:4      | Noticed Pargi
  5068 | D:4      | Killed Pargi
  5179 | D:4      | Reached *** piety under Trog
  5212 | D:5      | Entered Level 5 of the Dungeon
  5212 | D:5      | Noticed a wraith
  5308 | D:4      | Killed a wraith
  5309 | D:4      | Reached XP level 8. HP: 71/71 MP: 7/7
  5605 | D:5      | Noticed Prince Ribbit
  5629 | D:5      | Killed Prince Ribbit
  5715 | D:5      | Found a burning altar of Makhleb.
  6392 | D:6      | Reached XP level 9. HP: 81/81 MP: 8/8
  6583 | D:6      | Identified the +0 arbalest of Fate {freeze, rC- rCorr Int+7
                  | Stlth+}
  6604 | D:6      | Found Zeinun's Book Boutique.
  7651 | D:7      | Found Neseu's Antique Weapon Shoppe.
  8540 | D:8      | Noticed a two-headed ogre
  8616 | D:8      | Noticed Joseph
  8625 | D:8      | Killed Joseph
  8744 | D:8      | Noticed Maurice
  8776 | D:8      | Killed Maurice
  8797 | D:8      | Found a white marble altar of Elyvilon.
  8799 | D:8      | Found a shadowy altar of Dithmenos.
  8945 | D:8      | Reached XP level 10. HP: 76/88 MP: 9/9
  9325 | D:8      | Killed a two-headed ogre
  9490 | D:8      | Found a basalt altar of Yredelemnul.
  9491 | D:8      | Found a hazy altar of Hepliaklqana.
 10880 | D:9      | Reached skill level 10 in Fighting
 10880 | D:9      | Reached skill level 10 in Maces & Flails
 11285 | D:9      | Found a staircase to the Lair.
 11473 | D:9      | Found Atoecus's Antique Weapon Boutique.
 11756 | D:9      | Found an ornate altar of the Wu Jian Council.
 11778 | D:10     | Entered Level 10 of the Dungeon
 11918 | D:10     | Found a transporter.
 11921 | D:10     | Noticed Strat's ghost (journeyman DjFE)
 11922 | D:10     | Found a transporter.
 11971 | D:10     | Reached **** piety under Trog
 13588 | D:3      | Killed sirJeffrey23's ghost
 13589 | D:3      | Reached skill level 10 in Armour
 15006 | D:11     | Found a broken altar of Ashenzari.
 15021 | D:11     | Noticed a two-headed ogre
 15032 | D:11     | Killed a two-headed ogre
 15033 | D:11     | Reached XP level 11. HP: 101/101 MP: 10/10
 15231 | D:11     | Found a staircase to the Orcish Mines.
 15370 | D:11     | Noticed a two-headed ogre
 15378 | D:11     | Killed a two-headed ogre
 16004 | D:12     | Reached skill level 10 in Dodging
 16039 | D:12     | Noticed Snorg
 16053 | D:12     | Killed Snorg
 16078 | D:12     | Noticed a deep elf pyromancer
 16082 | D:12     | Killed a deep elf pyromancer
 16464 | D:12     | Noticed a six-headed hydra
 16489 | D:12     | Killed a six-headed hydra
 16685 | D:12     | Noticed Sonja
 16706 | D:12     | Killed Sonja
 17061 | D:12     | Noticed a death knight
 17061 | D:12     | Noticed a phantasmal warrior
 17084 | D:11     | Killed a phantasmal warrior
 17611 | Lair:1   | Entered Level 1 of the Lair of Beasts
 18034 | Lair:1   | Noticed Nergalle
 18051 | Lair:1   | Killed Nergalle
 18949 | Lair:2   | Found a runed translucent door.
 18960 | Lair:2   | Noticed ThanksArdit's ghost (journeyman MiGl)
 19002 | Lair:2   | Reached XP level 12. HP: 113/113 MP: 11/11
 19127 | Lair:2   | You fall into a shaft and drop 2 floors!
 19128 | Lair:4   | Noticed Rupert
 19147 | Lair:4   | Found an ornate altar of the Wu Jian Council.
 19147 | Lair:4   | Found a hide-covered altar of Uskayaw.
 19147 | Lair:4   | Noticed a boulder beetle
 19152 | Lair:4   | HP: 4/113 [boulder beetle (16)]
 19160 | Lair:3   | Demolished by a boulder beetle

Illustrated notes

Levels and vault maps discovered:
D:1:      dpeg_arrival_arbitrary_b, layout_basic,
          dreamdust_ecumenical_altar_drowned_temple, minmay_misc_feat_cross
D:2:      layout_loops_cross, minmay_pentomino_u4
D:3:      layout_loops_cross, serial_shops, shop, shop_coins, shop, shop, shop,
          gammafunk_ghost_stat_death
D:4:      layout_gridville, mainiacjoe_overflow_concentric_impassable,
          xom_butterflies, minmay_temple_entry_glass, guppyfry_shop_venom,
          uniq_pargi
D:5:      kennysheep_slugbush, layout_loops_ring, lemuel_round_altar,
          uniq_prince_ribbit1
D:6:      layout_cave_pods, serial_shops, shop, minmay_mini_ossuary
D:7:      layout_loops_ring, serial_shops, nicolae_inconvenience_store
D:8:      layout_basic, nicolae_overflow_hidden_temple, uniq_joseph,
          uniq_maurice
D:9:      layout_basic, nicolae_wu_jian_glorious_leap, lair_entry_dummy,
          serial_shops, nicolae_shop_behind_doors,
          minmay_misc_feat_more_columns, minivault_25, evilmike_butchery
D:10:     layout_cave_pods, gammafunk_ghost_hive
D:11:     layout_irregular_city, david_orc_4, nicolae_ashenzari_skybound
D:12:     layout_loops_corners, roderic_lattice_a, uniq_sonja, uniq_snorg
Lair:1:   layout_loops_ring, minivault_19, infiniplex_staircase_pool_2,
          uniq_nergalle
Lair:2:   layout_roguey, ebering_ghost_reflecting_pool,
          nicolae_quartered_pool_little
Lair:3:   layout_cave_pods, spider_nest_entry_webs, special_room
Lair:4:   layout_loops_ring, elwin_shoals_entry_rocks, gammafunk_ghost_cemetery,
          chequers_serial_rivers_room_b, minivault_26,
          nzn_masters_of_martial_movement, uniq_rupert

Skill      XL: |  1  2  3  4  5  6  7  8  9 10 11 |
---------------+----------------------------------+-----
Maces & Flails | 4 5 6 7 9 10 12 | 12.4
Fighting       | 4 5 6 7 9 10 12 | 12.4
Armour         | 3 4 5 6 7 9 10 12 | 12.1
Dodging        | 3 4 5 6 8 9 11 | 11.2

Action                   |  1- 3 |  4- 6 |  7- 9 | 10-12 || total
-------------------------+-------+-------+-------+-------++-------
Melee: Mace              |    80 |    72 |   252 |   395 ||   799
       Headbutt          |     8 |    10 |    46 |    88 ||   152
Throw: Stone             |    27 |    23 |       |    16 ||    66
Invok: Berserk           |       |     3 |    11 |    13 ||    27
       Trog's Hand       |       |       |     1 |     5 ||     6
Evoke: Wand              |       |       |       |     1 ||     1
  Use: Scroll            |     1 |     2 |     7 |     8 ||    18
       Potion            |       |       |       |     2 ||     2
 Stab: Paralysed         |       |       |       |     1 ||     1
Armor: Animal skin       |     8 |    25 |    50 |       ||    83
       Robe              |       |       |    31 |   127 ||   158
Dodge: Dodged            |    51 |    50 |   142 |   376 ||   619

Table legend: (Time is in decaauts)
 A = Elapsed time spent in this place.
 B = Non-inter-level travel time spent in this place.
 C = Inter-level travel time spent in this place.
 D = Time resting spent in this place.
 E = Time spent auto-exploring this place.
 F = Levels seen in this place.
 G = Mean time per level.
                   A        B        C        D        E       F      G
               +--------+--------+--------+--------+--------+-----+--------+
         Total |  19436 |  17107 |   2329 |   6302 |   8301 |  16 | 1214.8 |
       Dungeon |  17874 |  15577 |   2297 |   5933 |   7344 |  12 | 1489.5 |
          Lair |   1561 |   1529 |     32 |    369 |    956 |   4 |  390.2 |
               +--------+--------+--------+--------+--------+-----+--------+

Top non-repeatable levels by time:
     D:9: 2140 daAuts
    D:11: 1965 daAuts
     D:4: 1726 daAuts
    D:10: 1721 daAuts
     D:8: 1479 daAuts
     D:3: 1447 daAuts
     D:7: 1438 daAuts
  Lair:1: 1340 daAuts
     D:2: 1328 daAuts
     D:1: 1270 daAuts
     D:6: 1137 daAuts
    D:12: 1124 daAuts
     D:5: 1096 daAuts
  Lair:2: 183 daAuts
  Lair:4: 35 daAuts
